Cogmind - Beta 13 @@@ ROGUE MODE // 2024.04.08 @ 09:14:32 Player: Porffia Result: Destroyed by G-50 Soldier with Heavy Laser Performance ------------- Evolutions (2) 1000 Regions Visited (3) 600 Robots Destroyed (4) 20 Value Destroyed (161) 161 Prototype IDs (0) 0 Alien Tech Used (0) 0 Bonus (-22) -22 TOTAL SCORE: 1759 Bonus ------- Friendly Fire -22 Cogmind --------- Core Integrity 0/550 Matter 300/300 Energy 100/100 System Corruption 0% Temperature Cool (9) Movement Core (50) Location -8/Materials Parts ------- > --- POWER (2) -------- (None) > --- PROPULSION (2) --- (None) > --- UTILITY (4) ------ Utility Shielding > --- WEAPON (3) ------- (None) > --- INVENTORY (5) ---- (None) Peak State ------------ > --- POWER ------------ Subdweller Power Source > --- PROPULSION ------- Subdweller Monowheel Subdweller Monowheel > --- UTILITY ---------- Subdweller Optics Utility Shielding Scrap Shield > --- WEAPON ----------- Battle Rifle Battle Rifle > --- INVENTORY -------- Subdweller Monowheel [Rating: 17] Favorites ----------- Power Subdweller Power Source Engine Subdweller Power Source Propulsion Subdweller Monowheel Wheel Subdweller Monowheel Utility Scrap Shield Device Subdweller Optics Storage Small Storage Unit Protection Scrap Shield Weapon Light Assault Rifle Energy Gun Particle Gun Ballistic Gun Light Assault Rifle Build | -11 -10 -10 -8 ------- Run | Yrd Mat Sub Mat Slots Evolved 4 | . . . 4 Power 1 | . . . 1 Propulsion . | . . . . Utility 2 | . . . 2 Weapon 1 | . . . 1 Parts Attached 26 | 6 6 11 3 Power 4 | 1 1 2 . Engine 4 | 1 1 2 . Core . | . . . . Reactor . | . . . . Propulsion 7 | 2 1 3 1 Treads . | . . . . Leg . | . . . . Wheel 7 | 2 1 3 1 Hover . | . . . . Flight . | . . . . Utility 8 | 1 3 2 2 Device 1 | . . . 1 Storage 3 | 1 2 . . Processor . | . . . . Hackware . | . . . . Protection 4 | . 1 2 1 Artifact . | . . . . Weapon 7 | 2 1 4 . Energy Gun 1 | . 1 . . Energy Cannon . | . . . . Ballistic Gun 6 | 2 . 4 . Ballistic Cannon . | . . . . Launcher . | . . . . Special Weapon . | . . . . Impact Weapon . | . . . . Slashing Weapon . | . . . . Piercing Weapon . | . . . . Special Melee Weapon . | . . . . Unidentified Prototypes . | . . . . Parts Lost 12 | . 4 . 8 Power 2 | . 1 . 1 Propulsion 5 | . 2 . 3 Utility 2 | . . . 2 Weapon 3 | . 1 . 2 Highest Loss Streak 4 | . 4 . 4 To Critical Strikes . | . . . . Average Slot Usage (%) 77 | . 94 80 50 Engine 12 | . 12 13 7 Wheel 22 | . 27 24 12 Device 1 | . . . 9 Storage 3 | . 16 . . Protection 13 | . 9 14 12 Energy Gun 2 | . . 4 . Ballistic Gun 21 | . 26 23 9 Naked Turns . | . . . . Heaviest Build 31 | 10 12 31 30 Greatest Support 40 | 26 26 40 40 Greatest Overweight (x) 2 | . 1 2 . Average Overweight (x) . | . . . . Largest Inventory Capacity 8 | 8 8 5 5 Average Capacity 5 | 7 5 5 5 Most Carried 5 | 3 4 5 2 Average Carried 2 | . 1 3 . Final Capacity 8 | 8 5 5 5 Final Carried 3 | . 2 3 . Class Distribution -------------------- 56% | Mutant 43% | Subdweller-Mutant Dominant Class ---------------- Mutant | -10/Materials Subdweller-Mutant | -10/Subcaves Mutant | -8/Materials Resources | -11 -10 -10 -8 ----------- Run | Yrd Mat Sub Mat Matter Collected 574 | 189 82 303 . Remotely . | . . . . Salvage Created 182 | . 50 73 59 Parts 10 | . 3 5 2 Haulers Intercepted . | . . . . Recyclers Shooed . | . . . . Parts Field Recycled . | . . . . Retrieved Matter . | . . . . Parts Self-Destructed 4 | . . 4 . Prevented . | . . . . Kills | -11 -10 -10 -8 ------- Run | Yrd Mat Sub Mat Combat Hostiles Destroyed 4 | . 1 2 1 Guns 4 | . 1 2 1 Classes Destroyed 2 | . 1 1 . Grunt 2 | . 1 . 1 Subdweller 2 | . . 2 . Best Kill Streak 1 | . 1 1 1 Combat Bots Only 1 | . 1 1 1 Max Kills in Single Turn 1 | . 1 1 1 Gunslinging . | . . . . Exploded . | . . . . Melee . | . . . . Uniques/NPCs Destroyed . | . . . . Combat | -11 -10 -10 -8 -------- Run | Yrd Mat Sub Mat Hostile Shots Fired 118 | . 14 18 86 Missed 32 | . 3 8 21 Damage Taken 1781 | . 406 209 1166 Core 704 | . 150 . 554 Absorbed by Shields . | . . . . Redirected to Shielding 19 | . . . 19 Core Remaining (%) 70 | 100 . 40 . Volleys Fired 45 | . 9 19 17 Largest 2 | . 2 2 2 Hottest 85 | . 40 85 50 Shots Fired 79 | . 17 37 25 Gun 79 | . 17 37 25 Cannon . | . . . . Launcher . | . . . . Special . | . . . . Kinetic 70 | . 17 28 25 Thermal 9 | . . 9 . Explosive . | . . . . Electromagnetic . | . . . . Robot Hit Streak 7 | . 7 4 5 Robot Miss Streak 4 | . 2 2 4 Penetration Max . | . . . . Secondary Targets . | . . . . Shots Hit Robots 47 | . 12 22 13 Core Hits 25 | . 5 5 15 Critical Kills . | . . . . Critical Parts Destroyed . | . . . . Critical Strikes 1 | . . 1 . Destroy 1 | . . 1 . Melee Attacks . | . . . . Impact . | . . . . Slashing . | . . . . Piercing . | . . . . Sneak Attacks . | . . . . Combat Hostiles . | . . . . Follow-up Attacks . | . . . . Damage Inflicted 780 | . 99 431 250 Guns 739 | . 99 431 209 Cannons . | . . . . Explosions . | . . . . Melee . | . . . . Ramming 41 | . . . 41 Kinetic 643 | . 99 335 209 Thermal 96 | . . 96 . Explosive . | . . . . Electromagnetic . | . . . . Impact . | . . . . Slashing . | . . . . Piercing . | . . . . Highest Corruption . | . . . . Average Corruption . | . . . . Corruption Purged . | . . . . Corruption Blocked . | . . . . Overload Shots . | . . . . Overflow Damage . | . . . . Projectiles . | . . . . Explosions . | . . . . Melee . | . . . . Knockbacks 1 | . . . 1 Impact 1 | . . . 1 Kinetic . | . . . . Secondary . | . . . . Self-Inflicted Damage 15 | . . . 15 Shots . | . . . . Rammed 27 | . . . 27 Targets Rammed 27 | . . . 27 Kicked . | . . . . Crushed . | . . . . Highest Temperature 91 | . 30 14 91 Average Temperature 29 | . 16 5 44 Received Heat Transfer 795 | . 78 69 648 Siege Activations . | . . . . Robots Corrupted . | . . . . Combat Hostiles . | . . . . Parts Fried . | . . . . Impact Corruptions . | . . . . Robots Melted . | . . . . Combat Hostiles . | . . . . Parts Melted . | . . . . Heat Transferred 222 | . . 222 . Parts Sabotaged . | . . . . Parts Stolen . | . . . . Parts Stripped . | . . . . Power Chain Reactions . | . . . . Alert | -11 -10 -10 -8 ------- Run | Yrd Mat Sub Mat Peak Influence 30 | . 20 . 30 Initial . | . . . . Average 3 | . 3 . 7 Maximum Alert Level . | . . . . Low Security (%) 100 | 100 100 . 100 Level 1 . | . . . . Level 2 . | . . . . Level 3 . | . . . . Level 4 . | . . . . Level 5 . | . . . . High Security . | . . . . Max Security . | . . . . Squads Dispatched . | . . . . Investigation . | . . . . Extermination . | . . . . Reinforcement . | . . . . Assault . | . . . . Garrison . | . . . . Intercept . | . . . . Searches Triggered . | . . . . Construction Impeded . | . . . . Haulers Reinforced . | . . . . Active Scanning Responses . | . . . . Cargo Convoy Interrupts . | . . . . Stealth | -11 -10 -10 -8 --------- Run | Yrd Mat Sub Mat Distress Signals 2 | . 1 . 1 Communications Jammed . | . . . . Distress Signals . | . . . . Times Spotted 23 | . 3 14 6 Peak Tracking Total 5 | . 3 5 5 Tactical Retreats . | . . . . Traps | -11 -10 -10 -8 ------- Run | Yrd Mat Sub Mat Traps Triggered . | . . . . Indirectly . | . . . . Trap Hack Attempts . | . . . . Triggered . | . . . . Disarmed . | . . . . Reprogrammed . | . . . . Reused . | . . . . Traps Extracted . | . . . . Installed . | . . . . Triggered . | . . . . Most Traps Carried 1 | . . 1 . Machines | -11 -10 -10 -8 ---------- Run | Yrd Mat Sub Mat Machines Disabled . | . . . . Max in Single Turn . | . . . . Machines Repaired . | . . . . Machines Dismantled . | . . . . Machines Sabotaged . | . . . . Overloaded Fab Kills . | . . . . Hacking | -11 -10 -10 -8 --------- Run | Yrd Mat Sub Mat Machines Accessed 2 | . 1 . 1 Terminals 2 | . 1 . 1 Fabricators . | . . . . Repair Stations . | . . . . Recycling Units . | . . . . Scanalyzers . | . . . . Garrison Access . | . . . . Total Hacks 6 | . 4 . 2 Successful 5 | . 4 . 1 Failed 1 | . . . 1 Catastrophic . | . . . . Database Lockouts . | . . . . Manual 1 | . 1 . . Terminals 6 | . 4 . 2 Fabricators . | . . . . Repair Stations . | . . . . Recycling Units . | . . . . Scanalyzers . | . . . . Garrison Access . | . . . . Terminal Hacks 5 | . 4 . 1 Record 5 | . 4 . 1 Fabricator Hacks . | . . . . Repair Station Hacks . | . . . . Recycling Unit Hacks . | . . . . Scanalyzer . | . . . . Garrison Access Hacks . | . . . . Unauthorized Hacks . | . . . . Terminals . | . . . . Fabricators . | . . . . Repair Stations . | . . . . Recycling Units . | . . . . Scanalyzers . | . . . . Garrison Access . | . . . . Data Cores Recovered . | . . . . Used . | . . . . Hacking Detections 2 | . 1 . 1 Full Trace Events . | . . . . Feedback Events . | . . . . Feedback Blocked . | . . . . Robot Schematics Acquired . | . . . . Robots Built . | . . . . Authchips . | . . . . Time . | . . . . Total Robot Build Rating . | . . . . Part Schematics Acquired . | . . . . Parts Built . | . . . . Authchips . | . . . . Time . | . . . . Total Part Build Rating . | . . . . Parts Repaired . | . . . . Time . | . . . . Parts Recycled . | . . . . Recycled Matter . | . . . . Retrieved Matter . | . . . . Retrieved Components . | . . . . Parts Scanalyzed . | . . . . Part Schematics Acquired . | . . . . Parts Damaged . | . . . . Bothacking | -11 -10 -10 -8 ------------ Run | Yrd Mat Sub Mat Used RIF Installer . | . . . . Robots Hacked . | . . . . Non-combat . | . . . . Combat . | . . . . Robot Hacks Applied . | . . . . Relay Couplers Released . | . . . . Fabnet Peak Effective % . | . . . . Robots Rewired . | . . . . Allies Hacked . | . . . . Hacks Repelled . | . . . . Allies | -11 -10 -10 -8 -------- Run | Yrd Mat Sub Mat Total Allies . | . . . . Largest Group . | . . . . Highest-Rated Group . | . . . . Highest-Rated Ally . | . . . . Total Orders . | . . . . Ally Attacks . | . . . . Total Damage . | . . . . Kills . | . . . . Allies Corrupted . | . . . . Allies Melted . | . . . . Intel | -11 -10 -10 -8 ------- Run | Yrd Mat Sub Mat Robot Analysis Total . | . . . . Derelict Logs Recovered 1 | . . 1 . Drone Launches . | . . . . Drone Recoveries . | . . . . Exploration | -11 -10 -10 -8 ------------- Run | Yrd Mat Sub Mat Turns Passed 1207 | 243 174 623 167 Spaces Moved 798 | 85 154 483 76 Core 3 | 3 . . . Treads . | . . . . Legs . | . . . . Wheels 795 | 82 154 483 76 Hover . | . . . . Flight . | . . . . Fastest Speed 50 | 50 80 95 110 Average Speed 103 | 89 89 110 110 Slowest Speed 120 | 100 95 120 110 Overloaded Moves . | . . . . Propulsion Burnouts . | . . . . Robots Hopped . | . . . . Cave-ins Triggered . | . . . . Exploration Rate (%) 18 | 10 22 27 13 Regions Visited 3 Branch Regions 1 Pre-discovered Areas 1 | . . 1 . Known Exits Taken . | . . . . Unknown Exits Taken 3 | 1 1 1 . Scrap Searched 7 | . . 7 . Spaces Dug . | . . . . Terrain Destroyed . | . . . . Melee . | . . . . Projectile . | . . . . AOE . | . . . . Terrain Rammed . | . . . . Walls Destroyed . | . . . . Machines Disabled . | . . . . Actions | -11 -10 -10 -8 --------- Run | Yrd Mat Sub Mat Total 1109 | 251 176 547 135 Wait 167 | 155 . . 12 Move 795 | 84 153 482 76 Hop . | . . . . Pick Up 28 | 6 6 16 . Fast Attach . | . . . . Attach 24 | 6 6 9 3 Detach 6 | . 2 4 . Swap 2 | . . 2 . Drop 15 | . . 15 . Fire 45 | . 9 19 17 Melee . | . . . . Ram 27 | . . . 27 Kick . | . . . . Crush . | . . . . Escape Stasis . | . . . . Rewire . | . . . . Trap . | . . . . Miscellaneous . | . . . . Route ------- -11/Scrapyard -10/Materials -10/Subcaves -8/Materials History --------- Turn | Location | Event 11 | -11/Scrapyard | Discovered new exit (range 16) 244 | -11/Scrapyard | Entered Materials 337 | -10/Materials | Build established: Mutant 397 | -10/Materials | Discovered new exit (range 5) 407 | -10/Materials | Core integrity fell below 50% 418 | -10/Materials | Entered Subcaves 437 | -10/Subcaves | Lost 4 parts (1p2n1w) 438 | -10/Subcaves | Learned location of Storage (-9) 544 | -10/Subcaves | Shifting Twisted Machinery released Shrapnel Trap 557 | -10/Subcaves | Shifting Twisted Machinery released Sub. Power Source 558 | -10/Subcaves | Ambushed by swarm of Subdwellers 712 | -10/Subcaves | A swath of the cavern ceiling suddenly collapsed 887 | -10/Subcaves | Build established: Subdweller-Mutant 1019 | -10/Subcaves | Discovered new exit (range 13) 1041 | -10/Subcaves | Entered Materials 1041 | -8/Materials | Evolved 4 slots: Power x1, Utility x2, Weapon x1 1165 | -8/Materials | Lost 4 parts (1n1u2w) 1184 | -8/Materials | Core integrity fell below 50% 1200 | -8/Materials | Core integrity fell below 20% 1208 | -8/Materials | Destroyed by G-50 Soldier with Heavy Laser Last Messages --------------- Destabilizing: Core damaged (-22). Y-45 Defender destroyed. Slammed into G-47 Trooper. Sub. Monowheel broken. Destabilizing: Short circuit. K-01 Serf collects debris. Slammed into G-47 Trooper. W-25 Informer sends out distress signal. Slammed into G-47 Trooper. Broken Sub. Monowheel destroyed. Slammed into G-47 Trooper. K-01 Serf collects debris. Slammed into G-47 Trooper. Sub. Optics destroyed. Slammed into G-47 Trooper. Destabilizing: Core damaged (-16). K-01 Serf collects debris. Slammed into G-47 Trooper. K-01 Serf collects debris. Slammed into G-47 Trooper. Map ----- +----------------------------------------------------+ | ?????????# ?# # #???????????? | | ?????????#??###### ######### #####???????????? | | ?????????????????# #???????# #???????????????? | | ?????????????????# #???????# #???????????????? | | ?????????????????# #???????# #???????????????? | | ?????????????????# #???????# #???????????????? | | ?????????????????# #???????# #???????????????? | | ?????????????????# #???????# #???????????????? | | ????????????????? +???????# #???????????????? | | ????????????????? #???????# #???????????????? | | ?????????????????# #???????# #???????????????? | | ?????????????????# #???????# #???????????????? | | ?????????????????##+##???????# #???????????????? | | ?????????????????????????????# #???????????????? | | ?????????????????????????????# #???????????????? | | ?????????????????????????????# #???????????????? | | ????????????????????????###### #???????????????? | | ????????????????????????# # #???????????????? | | ????????????????????????# # #???????????????? | | ????????????????????????# *= # #???????????????? | | ????????????????????????# [%!# ########????????? | | ????????????????????????# ![gr | | ????????????????????????# k # | | ????????????????????????#%m # | | ????????????????????????# % # | | ????????????????????????#@%% # ############## ? | | ????????????????????????##g### #???????????????? | | ?????????????????????????###?# #???????????????? | | ?????????????????????????????# #???????????????? | | ?????????????????????????????# #???????????????? | | ?????????????????????????????# #???????????????? | | ?????????????????????????????# #???????????????? | | ?????????????????????????????? ???????????????? | | ?????????????????????????????? ???????????????? | | ??????????????????????????????= ???????????????? | | ?????????????????????????????? ???????????????? | | ?????????????????????????????? #??????????????? | | ??????????????????????????????#+###??????????????? | | ?????????????????????????????????????????????????? | | ?????????????????????????????????????????????????? | | ?????????????????????????????????????????????????? | | ?????????????????????????????????????????????????? | | ?????????????????????????????????????????????????? | | ?????????????????????????????????????????????????? | | ?????????????????????????????????????????????????? | | ?????????????????????????????????????????????????? | | ?????????????????????????????????????????????????? | | ?????????????????????????????????????????????????? | | ?????????????????????????????????????????????????? | | ?????????????????????????????????????????????????? | +----------------------------------------------------+ Best States ------------- Heat Dissipation 31 Energy Generation 15 Energy Capacity 250 Matter Stores 300 Matter Capacity 400 Sight Range 21 Terrain Scan Density 10 Armor Coverage 800 Utility Shielding 33 Evasion (%) 44 Item Schematics ----------------- None Robot Schematics ------------------ None Fabricated ------------ Nothing Alien Tech Used ----------------- None Achievements -------------- None Challenges ------------ None Game ------ Seed HardlightDecoySpoofer Manual? 0 Play Time 00:39:35 Cumulative 6.6 hours Start 2024.04.07 @ 23:27:02 End 2024.04.08 @ 09:14:32 Sessions 3 Manual Loads 0 Difficulty Rogue Special Mode None Game No. 2 Rogue 1 Adventurer 1 Explorer 0 Win Type - Total 0 Types 0/0/0/0/0/0/0/0/0 Lore% 2 Gallery% 11 Achievement% 10 Wizard Run 0 Options --------- Layout 0 ASCII 0 Keyboard 1 Movement Arrows Keybinds 0 Fullscreen 2 Font 18/X11 Map View 76x50 Zoom Use 24% Tactical HUD 0 Map Filters NONE Filters NONE Steam 1 RUN: a322098c-093b-4f5a-80af-f53c761f3781